[Event "EYCC Open U14 2021"]
[Site "Tornelo"]
[Date "2021.10.15"]
[Round "2.9"]
[White "Taspinar, Yanki"]
[Black "Hartofylakas, Spyros"]
[Result "1/2-1/2"]
[ECO "D53"]
[WhiteElo "2147"]
[BlackElo "1912"]
[Annotator "ChessBase"]
[PlyCount "152"]
[EventDate "2021.10.15"]
[EventType "swiss"]
[EventCountry "NET"]
[SourceTitle "playchess.com"]
[Source "ChessBase"]
[SourceQuality "1"]
[TimeControl "5400+30"]

1. d4 d5 2. c4 e6 3. Nc3 Nf6 4. Nf3 Be7 5. Bg5 O-O 6. e3 Nbd7 7. Bd3 a6 8. cxd5 exd5 9. O-O c6 10. h3 Re8 11. Qc2 Nf8 12. Ne5 g6 13. f4 Ne4 14. Nxe4 dxe4 15. Bc4 Be6 16. Bxe6 Nxe6 17. Bxe7 Rxe7 18. f5 Nxd4 19. Qc5 Nxf5 20. Rad1 Qc7 21. Ng4 Re6 22. Rf4 Rd8 23. Rdf1 Rd5 24. Qc3 Qe7 25. Rxe4 Rxe4 26. Nf6+ Kf8 27. Nxd5 Qe5 28. Qxe5 Rxe5 29. Nf6 Kg7 30. Ng4 Re6 31. Kf2 h5 32. Nh2 Rxe3 33. Rd1 Re7 34. Rd3 h4 35. Nf3 f6 36. b4 g5 37. a4 Kg6 38. Nd2 Ng3 39. Re3 Rd7 40. Nb3 Nf5 41. Rc3 Re7 42. Nc5 Nd6 43. Kf3 Kf5 44. Rd3 Nc4 45. Rd4 Ne5+ 46. Kf2 g4 47. a5 g3+ 48. Kf1 Ng6 49. Rd2 Nf4 50. Nb3 Re4 51. Nd4+ Kg6 52. Nf3 Nd5 53. Rb2 Nxb4 54. Rb3 c5 55. Nd2 Rf4+ 56. Nf3 Re4 57. Nd2 Re7 58. Nf3 Nc6 59. Rc3 Nxa5 60. Rxc5 Nb3 61. Rc3 Na5 62. Nxh4+ Kg5 63. Nf3+ Kf4 64. Nd4 b5 65. Ne2+ Ke4 66. Nxg3+ Kd5 67. Ra3 Nc4 68. Rxa6 f5 69. Ne2 b4 70. Nc1 Kd4 71. Ra8 Kc3 72. Na2+ Kb3 73. Nxb4 Kxb4 74. Rf8 Kc3 75. Kf2 Nd6 76. g4 fxg4 1/2-1/2

[Event "EYCC Open U14 2021"]
[Site "Tornelo"]
[Date "2021.10.15"]
[Round "2.10"]
[White "Ponomarev, Vsevolod"]
[Black "Thatte, Nishchal"]
[Result "1-0"]
[ECO "B92"]
[WhiteElo "2135"]
[BlackElo "1886"]
[Annotator "NA"]
[PlyCount "99"]
[EventDate "2021.10.15"]
[EventType "swiss"]
[EventCountry "NET"]
[SourceTitle "playchess.com"]
[Source "ChessBase"]
[SourceQuality "1"]
[TimeControl "5400+30"]

1. e4 c5 2. Nf3 d6 3. d4 cxd4 4. Nxd4 Nf6 5. Nc3 a6 6. Be2 e5 7. Nb3 Be7 8. a4 Nc6 9. O-O O-O 10. Bf3 Be6 11. Be3 Rc8 12. Qd2 Qc7 13. Rfc1 Rfd8 14. a5 Rd7 15. Nd5 Bxd5 16. exd5 Nb8 17. c4 Qd8 18. g3 $16 Qf8 19. Ra4 Ne8 20. Bg2 Rdc7 21. Bb6 Rd7 22. Bh3 f5 23. f4 Qf7 24. Qe2 g6 25. fxe5 dxe5 26. Qxe5 Bf6 27. Qf4 Qe7 28. Qf2 Nd6 29. Bg2 Qe8 30. Bd4 Bg5 31. Re1 Re7 32. Rxe7 Bxe7 33. Ra1 Rxc4 34. Nc5 Qc8 35. Nd3 Nd7 36. Qe3 Bf8 37. Qe6+ Nf7 38. Bc3 Qc7 39. d6 Bxd6 40. Bd5 Nf8 41. Qf6 Rxc3 42. bxc3 h6 43. Bxf7+ Kh7 44. Bd5 Bxg3 45. Qxf8 Bxh2+ 46. Kh1 h5 47. Bg8+ Kh8 48. Bf7+ Kh7 49. Qg8+ Kh6 50. Qxg6# 1-0

[Event "EYCC Open U14 2021"]
[Site "Tornelo"]
[Date "2021.10.15"]
[Round "2.11"]
[White "Shinkarov, Artem"]
[Black "Ince, Taylan Ruzgar"]
[Result "1/2-1/2"]
[ECO "A34"]
[WhiteElo "1894"]
[BlackElo "2124"]
[Annotator "ChessBase"]
[PlyCount "51"]
[EventDate "2021.10.15"]
[EventType "swiss"]
[EventCountry "NET"]
[SourceTitle "playchess.com"]
[Source "ChessBase"]
[SourceQuality "1"]
[TimeControl "5400+30"]

1. Nf3 Nf6 2. c4 g6 3. Nc3 d5 4. cxd5 Nxd5 5. e4 Nxc3 6. dxc3 Qxd1+ 7. Kxd1 Bg7 8. Bf4 c5 9. Kc2 Nc6 10. Bb5 Bd7 11. Rhd1 Rc8 12. a4 a6 13. Bc4 e6 14. Be2 e5 15. Bg5 f6 16. Bc1 Be6 17. Nd2 Na5 18. b3 Kf7 19. Nc4 Nxc4 20. Bxc4 Rhd8 21. Be3 Bf8 22. Bxe6+ Kxe6 23. c4 Rxd1 24. Rxd1 a5 25. Kd3 Bd6 26. Ke2 1/2-1/2

[Event "EYCC Open U14 2021"]
[Site "Tornelo"]
[Date "2021.10.15"]
[Round "2.12"]
[White "Aleksanyan, Davit"]
[Black "Skrbec, Leon"]
[Result "1-0"]
[ECO "B23"]
[WhiteElo "1795"]
[BlackElo "2091"]
[Annotator "NA"]
[PlyCount "97"]
[EventDate "2021.10.15"]
[EventType "swiss"]
[EventCountry "NET"]
[SourceTitle "playchess.com"]
[Source "ChessBase"]
[SourceQuality "1"]
[TimeControl "5400+30"]

1. e4 c5 2. Nc3 d6 3. f4 Nc6 4. Nf3 g6 5. Bc4 Bg7 6. O-O e6 7. d3 Nge7 8. Qe1 O-O 9. Qh4 Nd4 10. f5 Nec6 11. Ng5 h5 12. g4 Ne5 13. gxh5 Nef3+ 14. Rxf3 Nxf3+ 15. Nxf3 Qxh4 16. Nxh4 Bf6 17. Nf3 gxh5 18. Bf4 Rd8 19. fxe6 fxe6 20. e5 dxe5 21. Bxe5 Be7 22. Nb5 a6 23. Nc7 Ra7 24. Nxe6 Bxe6 25. Bxe6+ Kh7 26. Bf5+ Kh6 27. Kf2 Rf8 28. Be4 Rg8 29. Bf4+ Bg5 30. Nxg5 Kg7 31. Ne6+ Kf6 32. Nxc5 b6 33. Nb7 Raa8 34. Rg1 Rxg1 35. Kxg1 Rc8 36. c3 $18 h4 37. Nd6 Rg8+ 38. Kf2 Rg4 39. Be3 h3 40. Nf5 b5 41. Ng3 a5 42. Kf3 Rg8 43. Bd4+ Ke7 44. Bf5 b4 45. c4 Kd6 46. Bxh3 a4 47. Bf5 a3 48. b3 Re8 49. Kf2 1-0

[Event "EYCC Open U14 2021"]
[Site "Tornelo"]
[Date "2021.10.15"]
[Round "3.1"]
[White "Krawczyk, Flawian"]
[Black "Khubukshanov, Erdem"]
[Result "0-1"]
[ECO "B15"]
[WhiteElo "2070"]
[BlackElo "2373"]
[Annotator "NA"]
[PlyCount "54"]
[EventDate "2021.10.15"]
[EventType "swiss"]
[EventCountry "NET"]
[SourceTitle "playchess.com"]
[Source "ChessBase"]
[SourceQuality "1"]
[TimeControl "5400+30"]

1. e4 c6 2. d4 d5 3. Nc3 dxe4 4. Nxe4 Nf6 5. Nxf6+ exf6 6. c3 Bd6 7. Bd3 Na6 8. Ne2 Nc7 9. Qc2 h5 10. O-O Kf8 11. c4 Ne6 12. Be3 g6 13. Rad1 Kg7 14. d5 cxd5 15. cxd5 Nc7 16. Nc3 Re8 17. Ne4 Bg4 18. f3 Nxd5 19. Bd4 Be5 20. Bxe5 Rxe5 21. fxg4 Ne3 22. Qf2 Rxe4 23. Bxe4 Nxd1 24. Qf3 Qd4+ 25. Kh1 Ne3 26. Rc1 hxg4 27. Qf4 Re8 0-1

[Event "EYCC Open U14 2021"]
[Site "Tornelo"]
[Date "2021.10.15"]
[Round "3.2"]
[White "Magalakis, Stefanos"]
[Black "Seemann, Jakub"]
[Result "0-1"]
[ECO "D02"]
[WhiteElo "2065"]
[BlackElo "2299"]
[Annotator "NA"]
[PlyCount "80"]
[EventDate "2021.10.15"]
[EventType "swiss"]
[EventCountry "NET"]
[SourceTitle "playchess.com"]
[Source "ChessBase"]
[SourceQuality "1"]
[TimeControl "5400+30"]

1. Nf3 d5 2. g3 g6 3. Bg2 Bg7 4. d4 Nf6 5. O-O Nbd7 6. c4 dxc4 7. Na3 Nb6 8. Nxc4 Nxc4 9. Qa4+ c6 10. Qxc4 Be6 11. Qa4 Bd5 12. Ne1 Bxg2 13. Kxg2 O-O 14. f3 b5 15. Qb4 Nd5 16. Qc5 Qb6 17. Qxb6 Nxb6 18. Nc2 Rfd8 19. Bg5 h6 20. Bxe7 Re8 21. Bc5 Rxe2+ 22. Rf2 Re6 23. Re1 Rxe1 24. Nxe1 Na4 25. Nd3 a5 26. Nc1 Nxc5 27. dxc5 Bd4 28. Rd2 Bxc5 29. Rc2 Be3 30. Rxc6 Rd8 31. Kh3 Rd1 32. Nb3 a4 33. Rc3 axb3 34. Rxb3 Bg1 35. Rxb5 Rd2 36. a4 f5 37. g4 f4 38. Rb8+ Kf7 39. Rb7+ Ke6 40. Rb6+ Bxb6 0-1

[Event "EYCC Open U14 2021"]
[Site "Tornelo"]
[Date "2021.10.15"]
[Round "3.3"]
[White "Lavrencic, Matic"]
[Black "Gasanov, Vadim"]
[Result "0-1"]
[ECO "B76"]
[WhiteElo "2149"]
[BlackElo "2027"]
[Annotator "NA"]
[PlyCount "106"]
[EventDate "2021.10.15"]
[EventType "swiss"]
[EventCountry "NET"]
[SourceTitle "playchess.com"]
[Source "ChessBase"]
[SourceQuality "1"]
[TimeControl "5400+30"]

1. e4 c5 2. Nf3 d6 3. d4 cxd4 4. Nxd4 Nf6 5. Nc3 g6 6. Be3 Bg7 7. f3 O-O 8. Qd2 Nc6 9. O-O-O d5 10. exd5 Nxd5 11. Nxc6 bxc6 12. Bd4 e5 13. Bc5 Be6 14. Ne4 Re8 15. h4 Nf4 16. Qxd8 Rexd8 17. Rxd8+ Rxd8 18. b3 Bf8 19. g3 Nh5 20. Bxf8 Kxf8 21. Rg1 Bd5 22. Nd2 f5 23. Bd3 Kf7 24. c4 Be6 25. Kc2 c5 26. Nb1 Bd7 27. Nc3 Bc6 28. Be2 f4 29. g4 Ng3 30. Bd1 Rd4 31. Re1 Kf6 32. a3 a6 33. Nd5+ Bxd5 34. cxd5 Rxd5 35. g5+ Ke6 36. Kc3 Nf5 37. b4 Nd4 38. Kb2 Kd6 39. h5 cxb4 40. axb4 a5 41. hxg6 hxg6 42. bxa5 Rxa5 43. Rh1 Ke6 44. Re1 Kf5 45. Rg1 Ra7 46. Rg2 Rh7 47. Kc3 Rh3 48. Kc4 Nxf3 49. Kd5 e4 50. Ba4 Ne5 51. Bc2 Re3 52. Rf2 Nd3 53. Ba4 Nxf2 0-1

[Event "EYCC Open U14 2021"]
[Site "Tornelo"]
[Date "2021.10.15"]
[Round "3.4"]
[White "Andreev, Konstantin"]
[Black "Ponomarev, Vsevolod"]
[Result "1/2-1/2"]
[ECO "B12"]
[WhiteElo "2238"]
[BlackElo "2135"]
[Annotator "NA"]
[PlyCount "61"]
[EventDate "2021.10.15"]
[EventType "swiss"]
[EventCountry "NET"]
[SourceTitle "playchess.com"]
[Source "ChessBase"]
[SourceQuality "1"]
[TimeControl "5400+30"]

1. e4 c6 2. d4 d5 3. e5 Bf5 4. Nf3 e6 5. Be2 c5 6. c4 dxc4 7. Bxc4 Nc6 8. Be3 Nge7 9. Nc3 Bg4 10. dxc5 Nf5 11. Ne4 Nxe3 12. fxe3 Bxf3 13. Qxd8+ Rxd8 14. gxf3 Nxe5 15. Bb5+ Nc6 16. Ke2 Be7 17. Rhd1 O-O 18. Nd6 a6 19. Ba4 Bxd6 20. cxd6 b5 21. Rac1 Na5 22. Bb3 Rd7 23. e4 Nxb3 24. axb3 f6 25. f4 e5 26. fxe5 fxe5 27. Rc6 Rf6 28. h3 Rh6 29. Rd3 Kf7 30. Rxa6 Rh4 31. Re3 1/2-1/2

[Event "EYCC Open U14 2021"]
[Site "Tornelo"]
[Date "2021.10.15"]
[Round "3.5"]
[White "Bakiev, Diyor"]
[Black "Aleksanyan, Davit"]
[Result "1-0"]
[ECO "B04"]
[WhiteElo "2074"]
[BlackElo "1795"]
[Annotator "NA"]
[PlyCount "187"]
[EventDate "2021.10.15"]
[EventType "swiss"]
[EventCountry "NET"]
[SourceTitle "playchess.com"]
[Source "ChessBase"]
[SourceQuality "1"]
[TimeControl "5400+30"]

1. e4 Nf6 2. e5 Nd5 3. c4 Nb6 4. d4 d6 5. exd6 cxd6 6. Nc3 g6 7. Be3 Bg7 8. Rc1 O-O 9. Be2 Nc6 10. Nf3 Bg4 11. b3 e5 12. d5 Bxf3 13. Bxf3 Nd4 14. Bxd4 exd4 15. Ne2 Qf6 16. O-O Nd7 17. Qd2 Nc5 18. Rcd1 d3 19. Nc1 a5 20. Nxd3 b6 21. Rfe1 a4 22. b4 Nxd3 23. Qxd3 a3 24. Rb1 Qc3 25. Qxc3 Bxc3 26. Re3 Bb2 27. Bd1 Rfe8 28. Bb3 Rxe3 29. fxe3 Bc3 30. Bc2 Rc8 31. Bd3 f5 32. Rb3 Bd2 33. Kf2 Re8 34. Be2 Kg7 35. c5 bxc5 36. bxc5 dxc5 37. Rxa3 Kf6 38. Ra6+ Kg5 39. Re6 Rb8 40. d6 Ba5 41. d7 Rb7 42. Rd6 Bd8 43. a4 Rb2 44. Kf3 Rb6 45. Rd5 Rc6 46. Bb5 Rc7 47. Re5 Rb7 48. Re8 Rb8 49. Ba6 Kf6 50. Bc8 Ba5 51. d8=Q+ Bxd8 52. Rxd8 Ra8 53. Rd6+ Ke7 54. Rc6 Rxa4 55. Rxc5 Kd6 56. Rc2 Ke5 57. Bd7 Rb4 58. Bc6 g5 59. Kf2 h6 60. Bf3 g4 61. Be2 h5 62. Rc5+ Kf6 63. Bd3 Rb2+ 64. Kg3 h4+ 65. Kxh4 Rxg2 66. Rxf5+ Ke6 67. Rf4 Ke5 68. Rxg4 Rxh2+ 69. Kg3 Rd2 70. Re4+ Kf5 71. Rd4+ Ke5 72. Kf3 Rd1 73. Re4+ Kf5 74. Be2 Rh1 75. Rf4+ Ke5 76. Rg4 Rh3+ 77. Rg3 Rh5 78. Bd3 Rh2 79. Rg5+ Kf6 80. Ra5 Rh3+ 81. Kf4 Rh4+ 82. Kg3 Rb4 83. Be2 Rb2 84. Bf3 Ke6 85. Kf4 Rb8 86. Ra6+ Ke7 87. Bg4 Rb4+ 88. e4 Rb1 89. Bf5 Rc1 90. Ra7+ Kd6 91. e5+ Kc6 92. Kg5 Kd5 93. Kf6 Rc6+ 94. e6 1-0

[Event "EYCC Open U14 2021"]
[Site "Tornelo"]
[Date "2021.10.15"]
[Round "3.6"]
[White "Gasparyan, Erik R."]
[Black "Vagman, Roy"]
[Result "1-0"]
[ECO "A06"]
[WhiteElo "1777"]
[BlackElo "2070"]
[Annotator "NA"]
[PlyCount "127"]
[EventDate "2021.10.15"]
[EventType "swiss"]
[EventCountry "NET"]
[SourceTitle "playchess.com"]
[Source "ChessBase"]
[SourceQuality "1"]
[TimeControl "5400+30"]

1. Nf3 d5 2. b3 Bg4 3. Ne5 Bf5 4. Bb2 e6 5. e3 Nf6 6. d4 c6 7. Bd3 Nbd7 8. O-O Bd6 9. f4 h5 10. Nd2 Qe7 11. Ndf3 Ne4 12. c4 Ndf6 13. Rc1 Ng4 14. Qe2 f6 15. Nxg4 hxg4 16. Nd2 Nxd2 17. Qxd2 Bxd3 18. Qxd3 f5 19. g3 g6 20. c5 Bc7 21. b4 a6 22. a4 Rh3 23. Ra1 Qh7 24. Qe2 Kf7 25. Rf2 Rh8 26. Rg2 Qg8 27. b5 Qa8 28. Bc3 Rg8 29. Qb2 Rh7 30. Qb1 Kf6 31. Rb2 Rgh8 32. Raa2 g5 33. Qe1 Rb8 34. Ra1 Kg6 35. Rab1 Rbh8 36. Rc1 axb5 37. axb5 cxb5 38. Ra1 Qe8 39. Ba5 Qc6 40. Bxc7 Qxc7 41. Qa5 Qg7 42. fxg5 Kxg5 43. Qxb5 Rh3 44. Qf1 Qh7 45. Qf4+ Kg6 46. Raa2 Re8 47. Ra7 Re7 48. Qe5 Qf7 49. Rb6 Kg5 50. Qf4+ Kg6 51. Qd6 Qh7 52. Rb2 Kf6 53. Ra8 Qf7 54. c6 bxc6 55. Rbb8 Rd7 56. Qf4 Ke7 57. Qg5+ Kd6 58. Re8 Kc7 59. Qf4+ Kb6 60. Qf1 Rb7 61. Qa6+ Kc7 62. Rac8+ Kd6 63. Qa3+ Kd7 64. Red8# 1-0

[Event "EYCC Open U14 2021"]
[Site "Tornelo"]
[Date "2021.10.15"]
[Round "3.7"]
[White "Klimkowski, Jan"]
[Black "Guia, Artur Solovyov Eloy"]
[Result "1-0"]
[ECO "A46"]
[WhiteElo "2366"]
[BlackElo "2000"]
[Annotator "NA"]
[PlyCount "115"]
[EventDate "2021.10.15"]
[EventType "swiss"]
[EventCountry "NET"]
[SourceTitle "playchess.com"]
[Source "ChessBase"]
[SourceQuality "1"]
[TimeControl "5400+30"]

1. d4 Nf6 2. Nf3 e6 3. g3 d5 4. Bg2 b5 5. O-O Bb7 6. a4 a6 7. Nbd2 Be7 8. Nb3 Nbd7 9. c3 c5 10. dxc5 Nxc5 11. Nxc5 Bxc5 12. Nd4 bxa4 13. Qxa4+ Qd7 14. Qa5 Bd6 15. Bg5 O-O 16. Nb3 Rfc8 17. Rfd1 Qc6 18. Qa2 Be5 19. Na5 Qb6 20. Be3 Qc7 21. Bd4 Bxd4 22. Rxd4 e5 23. Rb4 Bc6 24. Nxc6 Qxc6 25. Qa5 e4 26. e3 h5 27. Rb6 Qc7 28. Rxa6 Rxa6 29. Qxa6 Rb8 30. Qe2 Ng4 31. Rd1 Nf6 32. h4 Ra8 33. Qc2 Ra2 34. Qb3 Qa7 35. Bf1 Ra1 36. Be2 g6 37. Kg2 Kg7 38. Qc2 Ra2 39. c4 Qb7 40. Rb1 dxc4 41. Bxc4 Ra5 42. Qc3 Rf5 43. Rd1 Qc7 44. Qd4 Kh7 45. Be2 Qc2 46. Qd2 Qc7 47. Qc3 Qe7 48. Rd2 g5 49. Qa3 Qe8 50. hxg5 Rxg5 51. Qd6 Rg6 52. Qf4 Qe6 53. Rd1 Ng4 54. Rh1 Nf6 55. Bxh5 Nxh5 56. Rxh5+ Kg8 57. Qb8+ Kg7 58. Qh8# 1-0

[Event "EYCC Open U14 2021"]
[Site "Tornelo"]
[Date "2021.10.15"]
[Round "3.8"]
[White "Habans Aguerrea, Javier"]
[Black "Zhugin, Nikolay"]
[Result "1-0"]
[ECO "D00"]
[WhiteElo "2308"]
[BlackElo "2009"]
[Annotator "NA"]
[PlyCount "91"]
[EventDate "2021.10.15"]
[EventType "swiss"]
[EventCountry "NET"]
[SourceTitle "playchess.com"]
[Source "ChessBase"]
[SourceQuality "1"]
[TimeControl "5400+30"]

1. d4 Nf6 2. Bg5 d5 3. e3 c5 4. Nd2 Nc6 5. c3 cxd4 6. exd4 h6 7. Bh4 Bf5 8. Ngf3 a6 9. Be2 e6 10. O-O Bd6 11. Re1 g5 12. Bg3 Bxg3 13. hxg3 O-O 14. a4 Rc8 15. Nb3 Nb4 16. Rc1 Na2 17. Ra1 Nb4 18. cxb4 Bc2 19. Qd2 Bxb3 20. Bd3 Ne4 21. Bxe4 dxe4 22. Rxe4 Rc2 23. Qd3 Rxb2 24. Qc3 Bd5 25. Qxb2 Bxe4 26. Ne5 Qd5 27. Ng4 f5 28. Ne3 Qd6 29. Rd1 f4 30. gxf4 gxf4 31. Ng4 f3 32. g3 h5 33. Ne5 h4 34. Qd2 Qe7 35. Re1 Bd5 36. Ng6 Qg7 37. Re5 hxg3 38. Rg5 gxf2+ 39. Kxf2 Rf7 40. Ne5 Qxg5 41. Qxg5+ Rg7 42. Qd8+ Kh7 43. Qh4+ Kg8 44. Ng4 Kf7 45. Qf6+ Kg8 46. Qd8+ 1-0

[Event "EYCC Open U14 2021"]
[Site "Tornelo"]
[Date "2021.10.15"]
[Round "3.9"]
[White "Vergara Anton, Diego"]
[Black "Prazak, Daniel"]
[Result "1-0"]
[ECO "E06"]
[WhiteElo "2258"]
[BlackElo "1945"]
[Annotator "NA"]
[PlyCount "61"]
[EventDate "2021.10.15"]
[EventType "swiss"]
[EventCountry "NET"]
[SourceTitle "playchess.com"]
[Source "ChessBase"]
[SourceQuality "1"]
[TimeControl "5400+30"]

1. d4 e6 2. Nf3 d5 3. g3 Nf6 4. Bg2 Be7 5. c4 O-O 6. Nc3 dxc4 7. Ne5 c5 8. dxc5 Bxc5 9. Qxd8 Rxd8 10. O-O Nbd7 11. Rd1 Re8 12. Nxc4 Rb8 13. Nb5 b6 14. Ncd6 Bxd6 15. Nxd6 Rd8 16. b4 Kf8 17. Bb2 Ba6 18. b5 Bc8 19. Rac1 Nc5 20. Be5 Bd7 21. Bf3 Ke7 22. a4 h6 23. a5 Kf8 24. axb6 axb6 25. Nc4 Bxb5 26. Bxb8 Rxb8 27. Nxb6 Nb3 28. Rc8+ Rxc8 29. Nxc8 Ba6 30. Rd8+ Ne8 31. Bc6 1-0

[Event "EYCC Open U14 2021"]
[Site "Tornelo"]
[Date "2021.10.15"]
[Round "3.10"]
[White "Veselov, Yaroslav"]
[Black "Olenik Campa, Rudi"]
[Result "1-0"]
[ECO "E94"]
[WhiteElo "1922"]
[BlackElo "2245"]
[Annotator "NA"]
[PlyCount "81"]
[EventDate "2021.10.15"]
[EventType "swiss"]
[EventCountry "NET"]
[SourceTitle "playchess.com"]
[Source "ChessBase"]
[SourceQuality "1"]
[TimeControl "5400+30"]

1. d4 Nf6 2. c4 g6 3. Nc3 Bg7 4. e4 d6 5. Be2 O-O 6. Nf3 e5 7. O-O Bg4 8. d5 a5 9. Be3 Na6 10. h3 Bd7 11. Nd2 Ne8 12. a3 f5 13. exf5 gxf5 14. f4 e4 15. a4 Nc5 16. Nb3 Nxb3 17. Qxb3 b6 18. Qc2 Nf6 19. Rad1 Kh8 20. Kh2 Rg8 21. g3 Qe7 22. Rg1 Bh6 23. Rdf1 Rg6 24. Bd4 Bg7 25. Qd2 Rh6 26. b3 Rg8 27. Nd1 Rg6 28. Ne3 h6 29. Ng2 h5 30. Qd1 Rh6 31. Ne3 Qf7 32. Kg2 Kh7 33. Kf2 Bh8 34. Ke1 Rhg6 35. Bxh5 Qg7 36. Bxg6+ Qxg6 37. Kf2 Qg7 38. Bxf6 Qxf6 39. Qh5+ Qh6 40. Qxh6+ Kxh6 41. g4 1-0

[Event "EYCC Open U14 2021"]
[Site "Tornelo"]
[Date "2021.10.15"]
[Round "3.11"]
[White "Hartofylakas, Spyros"]
[Black "Palczert, Matyas"]
[Result "0-1"]
[ECO "B40"]
[WhiteElo "1912"]
[BlackElo "2204"]
[Annotator "NA"]
[PlyCount "31"]
[EventDate "2021.10.15"]
[EventType "swiss"]
[EventCountry "NET"]
[SourceTitle "playchess.com"]
[Source "ChessBase"]
[SourceQuality "1"]
[TimeControl "5400+30"]

1. e4 c5 2. Nf3 e6 3. c3 Nf6 4. Bd3 Nc6 5. Bc2 Qc7 6. d4 cxd4 7. cxd4 Nb4 8. Bd3 Qxc1 9. Qxc1 Nxd3+ 10. Kd2 Nxc1 11. Rxc1 Nxe4+ 12. Ke1 Be7 13. Nc3 Nxc3 14. Rxc3 Bb4 15. Rac1 Bxc3+ 16. Rxc3 0-1

[Event "EYCC Open U14 2021"]
[Site "Tornelo"]
[Date "2021.10.15"]
[Round "3.12"]
[White "Zlatkov, Anton"]
[Black "Zakharov, Alexey O."]
[Result "0-1"]
[ECO "B22"]
[WhiteElo "2154"]
[BlackElo "1962"]
[Annotator "NA"]
[PlyCount "76"]
[EventDate "2021.10.15"]
[EventType "swiss"]
[EventCountry "NET"]
[SourceTitle "playchess.com"]
[Source "ChessBase"]
[SourceQuality "1"]
[TimeControl "5400+30"]

1. e4 c5 2. Nf3 e6 3. c3 Nf6 4. e5 Nd5 5. d4 cxd4 6. cxd4 b6 7. Nc3 Nxc3 8. bxc3 Qc7 9. Bd2 Bb7 10. Bd3 d6 11. O-O Nd7 12. Re1 Be7 13. Rc1 O-O 14. Bf4 Rac8 15. exd6 Bxd6 16. Ne5 Nxe5 17. dxe5 Ba3 18. Rc2 Rfd8 19. Re3 Qc6 20. Rg3 g6 21. Bg5 Rd5 22. Qe2 Qc7 23. Bf6 Be7 24. Be4 Ba6 25. Qf3 Qxc3 26. Rxc3 Rxc3 27. h4 Rxf3 28. Rxf3 Rd1+ 29. Kh2 Bc5 30. h5 Rd2 31. hxg6 fxg6 32. a4 Rxf2 33. Rxf2 Bxf2 34. Bc6 Bc4 35. g4 Kf7 36. Kg2 Bd4 37. g5 Bc5 38. Kg3 a6 0-1

[Event "EYCC Open U14 2021"]
[Site "Tornelo"]
[Date "2021.10.15"]
[Round "4.2"]
[White "Seemann, Jakub"]
[Black "Gasparyan, Erik R."]
[Result "1-0"]
[ECO "E06"]
[WhiteElo "2299"]
[BlackElo "1777"]
[Annotator "ChessBase"]
[PlyCount "51"]
[EventDate "2021.10.15"]
[EventType "swiss"]
[EventCountry "NET"]
[SourceTitle "playchess.com"]
[Source "ChessBase"]
[SourceQuality "1"]
[TimeControl "5400+30"]

1. d4 d5 2. c4 e6 3. Nf3 Be7 4. g3 Nf6 5. Bg2 O-O 6. O-O b6 7. cxd5 Nxd5 8. e4 Nf6 9. Nc3 Bb7 10. Qc2 Na6 11. Rd1 Qe8 12. a3 c5 13. d5 Rd8 14. Re1 exd5 15. exd5 Qd7 16. Ne5 Qc8 17. Nc6 Bxc6 18. dxc6 Bd6 19. Bg5 Rde8 20. Bxf6 gxf6 21. Nd5 Kg7 22. Ne3 Be5 23. Rad1 Kh8 24. Rd7 Nb8 25. Qf5 Nxc6 26. Be4 1-0

[Event "EYCC Open U14 2021"]
[Site "Tornelo"]
[Date "2021.10.15"]
[Round "4.4"]
[White "Zakharov, Alexey O."]
[Black "Habans Aguerrea, Javier"]
[Result "1-0"]
[ECO "B13"]
[WhiteElo "1962"]
[BlackElo "2308"]
[Annotator "ChessBase"]
[PlyCount "93"]
[EventDate "2021.10.15"]
[EventType "swiss"]
[EventCountry "NET"]
[SourceTitle "playchess.com"]
[Source "ChessBase"]
[SourceQuality "1"]
[TimeControl "5400+30"]

1. e4 c6 2. d4 d5 3. exd5 cxd5 4. Bd3 Nc6 5. c3 Qc7 6. Na3 a6 7. Nc2 Nf6 8. h3 g6 9. Ne2 Bf5 10. Bxf5 gxf5 11. Bf4 Qd7 12. O-O e6 13. Qd2 Bd6 14. Qe3 Qc7 15. b4 Bxf4 16. Nxf4 O-O 17. Qg3+ Ng4 18. hxg4 fxg4 19. Qxg4+ Kh8 20. Qh4 Qd8 21. Qxd8 Rfxd8 22. Ne3 Rac8 23. Rac1 Rc7 24. Nd3 b6 25. a4 Rdc8 26. Ra1 Ne7 27. Nd1 Nf5 28. a5 b5 29. Nc5 Ra8 30. Ne3 Nd6 31. f3 Kg7 32. Kf2 Kg6 33. g4 h6 34. Ke2 Kg5 35. Rh1 Kg6 36. Kd2 Re7 37. f4 Kg7 38. f5 exf5 39. gxf5 Kh7 40. f6 Ree8 41. Kd3 Rg8 42. Rag1 Rg6 43. Rxg6 fxg6 44. Ng4 h5 45. Ne5 Rf8 46. Ncd7 Rd8 47. Rf1 1-0

[Event "EYCC Open U14 2021"]
[Site "Tornelo"]
[Date "2021.10.15"]
[Round "4.5"]
[White "Shinkarov, Artem"]
[Black "Vergara Anton, Diego"]
[Result "1/2-1/2"]
[ECO "D35"]
[WhiteElo "1894"]
[BlackElo "2258"]
[Annotator "ChessBase"]
[PlyCount "83"]
[EventDate "2021.10.15"]
[EventType "swiss"]
[EventCountry "NET"]
[SourceTitle "playchess.com"]
[Source "ChessBase"]
[SourceQuality "1"]
[TimeControl "5400+30"]

1. d4 d5 2. c4 e6 3. Nc3 Nf6 4. cxd5 exd5 5. Bg5 Be7 6. e3 c6 7. Bd3 Nbd7 8. Nge2 O-O 9. Ng3 Nb6 10. h4 Be6 11. Qc2 h6 12. Nce2 Rc8 13. Nf5 Bxf5 14. Bxf5 Nfd7 15. Bxe7 Qxe7 16. Nc3 Nc4 17. Bd3 Nd6 18. g3 Nf6 19. Na4 Rfe8 20. Kf1 Ng4 21. Kg2 Ne4 22. Bxe4 dxe4 23. h5 Qg5 24. Qe2 Rcd8 25. Rh4 Nf6 26. Rc1 Rd5 27. Rc5 Rxc5 28. Nxc5 Re7 29. a3 Qf5 30. Na4 b5 31. Nc3 a5 32. Rf4 Qd7 33. Qc2 Qe6 34. Rh4 Qf5 35. Qe2 b4 36. axb4 axb4 37. Na4 Ra7 38. b3 Nd7 39. Qc2 Nf6 40. Qe2 Nd7 41. Qc2 Nf6 42. Qe2 1/2-1/2

[Event "EYCC Open U14 2021"]
[Site "Tornelo"]
[Date "2021.10.15"]
[Round "4.6"]
[White "Palczert, Matyas"]
[Black "Ince, Taylan Ruzgar"]
[Result "1-0"]
[ECO "B40"]
[WhiteElo "2204"]
[BlackElo "2124"]
[Annotator "ChessBase"]
[PlyCount "77"]
[EventDate "2021.10.15"]
[EventType "swiss"]
[EventCountry "NET"]
[SourceTitle "playchess.com"]
[Source "ChessBase"]
[SourceQuality "1"]
[TimeControl "5400+30"]

1. e4 c5 2. Nf3 e6 3. g3 Nc6 4. Bg2 Nf6 5. Nc3 d5 6. exd5 Nxd5 7. Nxd5 Qxd5 8. O-O Be7 9. d3 O-O 10. Be3 Qh5 11. d4 Rd8 12. Ne5 Qxd1 13. Raxd1 Nxe5 14. dxe5 Bd7 15. b3 Rab8 16. f4 b6 17. Be4 g6 18. c4 Kf8 19. g4 Rbc8 20. f5 Ke8 21. f6 Bf8 22. g5 Bc6 23. Bxc6+ Rxc6 24. Rxd8+ Kxd8 25. Rf3 Rc7 26. Kf1 Rd7 27. Ke2 b5 28. Rh3 b4 29. Rxh7 Ke8 30. Rh8 Rc7 31. h4 Rc8 32. h5 gxh5 33. Rxh5 a5 34. Rh8 Kd7 35. Kf3 Rd8 36. Kg4 Rc8 37. Kh5 Ke8 38. g6 fxg6+ 39. Kxg6 1-0

[Event "EYCC Open U14 2021"]
[Site "Tornelo"]
[Date "2021.10.15"]
[Round "4.7"]
[White "Taspinar, Yanki"]
[Black "Andreev, Konstantin"]
[Result "1/2-1/2"]
[ECO "D27"]
[WhiteElo "2147"]
[BlackElo "2238"]
[Annotator "ChessBase"]
[PlyCount "116"]
[EventDate "2021.10.15"]
[EventType "swiss"]
[EventCountry "NET"]
[SourceTitle "playchess.com"]
[Source "ChessBase"]
[SourceQuality "1"]
[TimeControl "5400+30"]

1. d4 d5 2. c4 dxc4 3. Nf3 Nf6 4. e3 e6 5. Bxc4 a6 6. a4 c5 7. O-O Nc6 8. Nc3 Be7 9. Qe2 cxd4 10. Rd1 e5 11. exd4 exd4 12. Nxd4 Nxd4 13. Qe5 Qd6 14. Qxd4 Qxd4 15. Rxd4 Be6 16. Bxe6 fxe6 17. Be3 Kf7 18. Rad1 Rhd8 19. Kf1 e5 20. Rxd8 Bxd8 21. Ke2 Ke6 22. f3 Be7 23. Ne4 Nd5 24. Rc1 Rd8 25. g3 h6 26. Bd2 Rg8 27. h4 Rd8 28. Ba5 Rf8 29. Bd2 Rd8 30. Rc2 Rf8 31. b3 Rd8 32. Rc4 Nb6 33. Rc7 Rd7 34. Rc2 Nd5 35. Rc8 Nf6 36. Bc3 Nxe4 37. fxe4 h5 38. b4 g6 39. Rg8 Kf7 40. Rb8 Bd6 41. Ra8 Rc7 42. Kd3 Ke6 43. Rg8 Kf7 44. Rh8 Ke6 45. Ra8 Kf7 46. Bd2 Ke6 47. Rg8 Kf7 48. Rh8 Ke6 49. Ra8 Rf7 50. Ke2 Rc7 51. Kd3 Rf7 52. Ke2 Rc7 53. Rg8 Kf7 54. Rd8 Ke6 55. Kd3 Rf7 56. Ke2 Rc7 57. Kd3 Rf7 58. Ke2 Rc7 1/2-1/2